 Dungeon Crawl Stone Soup version 0.29-a0-824-gd827844252 (webtiles) character file.

Game seed: 5524238418080295677

2611 jimonade the Thaumaturge (level 9, -3/67 HPs)
             Began as a Mummy Necromancer on July 9, 2022.
             Was a Follower of Kikubaaqudgha.
             Killed from afar by a steam dragon (19 damage)
             ... with a ball of steam
             ... on level 7 of the Dungeon.
             The game lasted 00:37:43 (8364 turns).

jimonade the Thaumaturge (Mummy Necromancer)        Turns: 8364, Time: 00:37:44

Health: -3/67      AC:  4    Str: 11    XL:     9   Next: 34%
Magic:  24/24      EV: 16    Int: 19    God:    Kikubaaqudgha [*.....]
Gold:   367        SH:  0    Dex: 12    Spells: 22/30 levels left

rFire   x . .      SeeInvis .   u - +3 quarterstaff (chaos)
rCold   + . .      Faith    .   (shield currently unavailable)
rNeg    + + +      Spirit   .   a - +0 robe
rPois   ∞          Reflect  .   z - +0 helmet
rElec   .          Harm     .   v - +0 cloak
rCorr   .          Rampage  .   (no gloves)
Will    ++...                   (no boots)
Stlth   ++........              (no amulet)
HPRegen 0.21/turn               s - +4 ring of evasion
MPRegen 0.19/turn               E - ring of willpower

@: no status effects
A: cold resistance 1, negative energy resistance 3, torment resistance 2, heat
vulnerability 1, in touch with death 1, no potions
a: Renounce Religion, Unearth Wretches


You were on level 7 of the Dungeon.
You worshipped Kikubaaqudgha.
Kikubaaqudgha was aware of your devotion.
You visited 2 branches of the dungeon, and saw 8 of its levels.

You collected 367 gold pieces.

Inventory:

Hand Weapons
 c - a +2 vorpal halberd
 j - a +0 long sword
 n - a +0 vampiric spear
 p - a +0 shortbow
 r - a +0 sling
 u - a +3 quarterstaff of chaos (weapon)
 w - a +0 hammer
 x - a +0 dagger of freezing
 y - a +0 lajatang
 C - a +1 vampiric scimitar
 H - a +0 whip of venom
Missiles
 b - 41 stones
 g - 17 poisoned darts
Armour
 a - a +0 robe (worn)
 d - a +0 scale mail
 i - a +0 ring mail
 o - a +2 ring mail of cold resistance
 v - a +0 cloak (worn)
 z - a +0 helmet (worn)
 F - a +0 leather armour
Magical Staves
 h - a staff of conjuration
Jewellery
 s - a +4 ring of evasion (left hand)
 E - a ring of willpower (right hand)
Wands
 A - a wand of paralysis (6)
 B - a wand of light (8)
 G - a wand of iceblast (9)
Scrolls
 e - 2 scrolls of blinking {unknown}
 f - 4 scrolls of teleportation {unknown}
 k - a scroll of vulnerability {unknown}
 l - a scroll of magic mapping {unknown}
 q - 4 scrolls of identify {unknown}
 t - 3 scrolls of fog {unknown}
 D - a scroll of enchant weapon {unknown}
 I - 2 scrolls of enchant armour {unknown}


   Skills:
 * Level 4.8 Fighting
 + Level 0.7(1.7) Polearms
 + Level 2.5(2.6) Staves
 - Level 1.5 Dodging
 - Level 1.5 Stealth
 * Level 11.2 Spellcasting
 + Level 7.5 Necromancy


You had 22 spell levels left.
You knew the following spells:

 Your Spells              Type           Power      Damage    Failure   Level
a - Necrotise             Necr           100%       1d9       1%          1
b - Vampiric Draining     Necr           56%        2d10      1%          3
c - Animate Dead          Necr           56%        N/A       3%          4

Your spell library contained the following spells:

 Spells                   Type           Power      Damage    Failure   Level
 Agony                    Necr           56%        N/A       9%          5
 Anguish                  Hex/Necr       18%        N/A       14%         4
 Portal Projectile        Hex/Tloc       20%        N/A       21%         3
 Tukima's Dance           Hex            10%        N/A       21%         3
 Blade Hands              Tmut           Unusable   N/A       N/A         5

Dungeon Overview and Level Annotations

Branches:
Dungeon (7/15)             Temple (1/1) D:5

Altars:
Ashenzari
Dithmenos
Fedhas
Gozag
Hepliaklqana
Kikubaaqudgha
Makhleb
Nemelex Xobeh
Okawaru
Qazlal
Ru
Sif Muna
Trog
Uskayaw
Vehumet
Wu Jian
Xom
Yredelemnul

Shops:
D:4 (   D:5 *


Innate Abilities, Weirdness & Mutations

You are immune to poison.
Your flesh is cold resistant. (rC+)
You are immune to negative energy. (rN+++)
You are immune to unholy pain and torment.
You are vulnerable to heat. (rF-)
You are in touch with the powers of death.
You do not drink.


Message History

You kill the orc warrior!
Kikubaaqudgha accepts your kill.
You feel life coursing into your body.
The dead are walking!
You see here a +0 hand axe.
You see here 5 gold pieces.
Something hits you but does no damage. Something barely misses you.
You hear some strange, mumbled words.
A puff of flame appears from out of thin air!
The puff of flame hits you! The fire burns you terribly!
* * * LOW HITPOINT WARNING * * *
Something barely misses you.
You hit something.
You feel better. Something hits you.
* * * LOW HITPOINT WARNING * * *
You thump something! Something hits you.
* * * LOW HITPOINT WARNING * * *
Your orc warrior zombie barely misses something.
You miss something.
You hear some strange, mumbled words.
A puff of flame appears from out of thin air!
The puff of flame misses you.
Your orc warrior zombie hits something!
Kikubaaqudgha accepts your kill.
Reactivating autopickup.
You feel a bit more experienced.
Your reaping aura is weakening.
Your reaping aura expires.
You start resting.
Magic restored.
You start resting.
A steam dragon comes into view.
A steam dragon is nearby!
You swap places.
You start resting.
A steam dragon is nearby!
Your orc warrior zombie closely misses the steam dragon.
The steam dragon breathes steam at you.
The ball of steam hits your orc warrior zombie!!
The ball of steam hits you!! The steam scalds you terribly!
You die...
Kikubaaqudgha rasps: "You have failed me!
Welcome... oblivion!"

§§≈§$.≈)≈# ##.#.# #.#####
#. ≈..≈§≈.$§# ##.# #.# #.
.§≈≈≈§≈≈§# #D# #.# #.
.........## #Z# #.#
######. #########.# #.#
#.# #...... #.#.##### #.#
#.# #.##### #...)...# #§#
#.# #.# ......###.#.###§#
#.###.##### #####.
#.....@.# #.##....... #
#.#.##### #.##..#####
..##.# ### #..!.......
#.. ... ..########..#..##
#.#######................
..# #.########..#....
.#.# #.########..##.##
###.# #..))....)..##.##
#.# #<##.#####.......


There were no monsters in sight!

Vanquished Creatures
  Grinder (D:5)
  Eustachio (D:6)
  A steam dragon (D:4)
  An acid dragon (D:4)
  A black bear (D:6)
  2 orc warriors (D:7)
  A sky beast (D:7)
  2 phantoms
  A kobold brigand (D:7)
  Blork the orc (D:5)
  2 bullfrogs (D:6)
  5 scorpions
  3 necrophages
  2 hounds
  A gnoll bouda (D:4)
  2 orc priests
  Crazy Yiuf (D:3)
  2 iguanas (D:5)
  5 orc wizards
  6 gnolls
  5 adders
  A shadow imp (D:5)
  A worm (D:5)
  4 dart slugs
  16 orcs
  2 endoplasms (D:1)
  6 giant cockroaches
  2 goblins (D:3)
  5 hobgoblins
  2 jackals (D:4)
  9 kobolds
  5 quokkas
  4 ball pythons
  6 bats
  3 frilled lizards
  5 rats
117 creatures vanquished.

Vanquished Creatures (collateral kills)
  An ice beast (D:6)
  3 orc wizards
  2 gnolls (D:4)
  An adder (D:2)
  A worm (D:2)
  3 orcs
  A hobgoblin (D:4)
12 creatures vanquished.

Vanquished Creatures (others)
  A black bear zombie (D:6)
  An orc priest (D:5)
  A hound zombie (D:5)
  An iguana zombie (D:5)
  10 orc zombies
  A gnoll zombie (D:4)
  3 kobold zombies (D:7)
  5 plants (D:4)
23 creatures vanquished.

Grand Total: 152 creatures vanquished

Notes
Turn   | Place    | Note
-------+----------+-------------------------------------------
     0 | D:1      | jimonade the Mummy Necromancer began the quest for the Orb.
     0 | D:1      | Reached XP level 1. HP: 13/13 MP: 4/4
   264 | D:1      | Reached XP level 2. HP: 20/20 MP: 1/5
   275 | D:1      | Reached skill level 3 in Spellcasting
   888 | D:1      | Reached skill level 1 in Fighting
  1381 | D:2      | Gained mutation: You are in touch with the powers of death.
                  | [Mummy growth]
  1381 | D:2      | Reached XP level 3. HP: 18/26 MP: 1/8
  1829 | D:2      | Reached skill level 4 in Spellcasting
  2043 | D:2      | Learned a level 3 spell: Vampiric Draining
  2070 | D:3      | Found a stormy altar of Qazlal.
  2103 | D:3      | Found an iron altar of Okawaru.
  2136 | D:3      | Reached XP level 4. HP: 32/32 MP: 6/10
  2467 | D:3      | Found an ancient bone altar of Kikubaaqudgha.
  2598 | D:3      | Found a faded altar of an unknown god.
  2707 | D:3      | Reached skill level 5 in Spellcasting
  2707 | D:3      | Reached XP level 5. HP: 38/38 MP: 6/12
  2960 | D:3      | Reached skill level 5 in Necromancy
  3217 | D:3      | Found a runed translucent door.
  3218 | D:3      | Noticed Crazy Yiuf
  3224 | D:3      | Killed Crazy Yiuf
  3448 | D:4      | Reached skill level 6 in Spellcasting
  3448 | D:4      | Reached XP level 6. HP: 40/44 MP: 6/15
  3732 | D:4      | Noticed an acid dragon
  3753 | D:4      | Killed an acid dragon
  3965 | D:4      | Found Vusmemik's Antique Weapon Boutique.
  4055 | D:4      | Reached skill level 7 in Spellcasting
  4055 | D:4      | Reached XP level 7. HP: 45/51 MP: 15/17
  4199 | D:5      | Entered Level 5 of the Dungeon
  4207 | D:5      | Learned a level 4 spell: Animate Dead
  4209 | D:5      | Found a broken altar of Ashenzari.
  4534 | D:4      | Reached skill level 8 in Spellcasting
  5053 | D:5      | Identified the +3 spear of Inquiry {antimagic, rC+ Str+2}
  5107 | D:5      | Found Oddafyuf's Neck Hole.
  5168 | D:5      | Noticed a steam dragon
  5412 | D:5      | Reached XP level 8. HP: 57/58 MP: 9/20
  5419 | D:5      | Noticed Grinder
  5444 | D:4      | Reached skill level 9 in Spellcasting
  5716 | D:5      | Killed Grinder
  5853 | D:5      | Found a staircase to the Ecumenical Temple.
  5860 | Temple   | Entered the Ecumenical Temple
  6131 | D:3      | Became a worshipper of Kikubaaqudgha
  6483 | D:5      | Noticed Blork the orc
  6491 | D:5      | Killed Blork the orc
  6848 | D:6      | Noticed Eustachio
  6865 | D:6      | Killed Eustachio
  6866 | D:6      | Reached skill level 1 in Staves
  6866 | D:6      | Reached skill level 10 in Spellcasting
  7001 | D:6      | Reached XP level 9. HP: 66/66 MP: 13/23
  7389 | D:6      | Upgraded the game from 0.29-a0-823-gc37b1572da to
                  | 0.29-a0-824-gd827844252
  7458 | D:7      | Reached * piety under Kikubaaqudgha
  7458 | D:7      | Received a gift from Kikubaaqudgha
  7678 | D:7      | Reached skill level 11 in Spellcasting
  8276 | D:7      | Found a sparkling altar of Nemelex Xobeh.
  8364 | D:7      | Killed from afar by a steam dragon

Illustrated notes

Levels and vault maps discovered:
D:1:      erik_arrival_cave_to_civilisation [erik_arrival_cave_to_hall],
          layout_basic
D:2:      layout_rooms, roderic_lattice_a
D:3:      layout_basic, kennysheep_okawaru_gauntlet,
          mainiacjoe_overflow_surrounded_room, mainiacjoe_overflow_catwalk,
          shapermc_ecumenical_altar_hornbeckon, uniq_crazy_yiuf_cottage
D:4:      layout_cave_pools, serial_shops, nicolae_shop_overgrown_old_shop,
          kennysheep_nondescript
D:5:      layout_loops_corners, cheibrodos_ashenzari_chains,
          minmay_temple_entry_arrows, nicolae_shop_sticking_my_neck_out,
          uniq_grinder, uniq_blork_the_orc
D:6:      layout_rooms, uniq_eustachio
D:7:      layout_loops_ring, mainiacjoe_overflow_paths
Temple:   nicolae_temple_figure_eight

Skill      XL: |  1  2  3  4  5  6  7  8  9 |
---------------+----------------------------+-----
Spellcasting   | 3 4 5 6 7 8 10 11 | 11.2
Fighting       | 1 2 3 4 |  4.8
Necromancy     | 5 6 7 |  7.5
Staves         | 2 |  2.5
Polearms       | |  0.7
Dodging        | |  1.5
Stealth        | |  1.5

Action                   |  1- 3 |  4- 6 |  7- 9 || total
-------------------------+-------+-------+-------++-------
Melee: Unarmed           |     6 |       |       ||     6
       Spear             |    13 |     8 |       ||    21
       Quarterstaff      |       |     7 |   139 ||   146
       Halberd           |       |       |    45 ||    45
 Cast: Necrotise         |    63 |    57 |    39 ||   159
       Vampiric Draining |       |     4 |    22 ||    26
       Animate Dead      |       |       |    17 ||    17
 Stab: Distracted        |     2 |       |     1 ||     3
Armor: Robe              |    12 |       |    31 ||    43
Dodge: Dodged            |    35 |    18 |   186 ||   239

Table legend: (Time is in decaauts)
 A = Elapsed time spent in this place.
 B = Non-inter-level travel time spent in this place.
 C = Inter-level travel time spent in this place.
 D = Time resting spent in this place.
 E = Time spent auto-exploring this place.
 F = Levels seen in this place.
 G = Mean time per level.
                   A        B        C        D        E       F      G
               +--------+--------+--------+--------+--------+-----+--------+
         Total |   8423 |   7968 |    455 |   1683 |   4348 |   8 | 1052.9 |
       Dungeon |   8213 |   7769 |    444 |   1683 |   4150 |   7 | 1173.3 |
        Temple |    210 |    199 |     11 |      0 |    198 |   1 |  210.0 |
               +--------+--------+--------+--------+--------+-----+--------+

Top non-repeatable levels by time:
     D:4: 1781 daAuts
     D:1: 1417 daAuts
     D:3: 1374 daAuts
     D:5: 1360 daAuts
     D:6: 1014 daAuts
     D:2: 718 daAuts
     D:7: 546 daAuts
  Temple: 210 daAuts
